 Dungeon Crawl Stone Soup version 0.20.1-1-g8b1a95d66d (webtiles) character file.

4732 Peloso the Carver (level 10, 0/69 HPs)
             Began as a Halfling Fighter on Nov 25, 2017.
             Was an Elder of Okawaru.
             Slain by a hornet zombie (8 damage)
             ... on level 8 of the Dungeon.
             The game lasted 00:30:29 (11373 turns).

Peloso the Carver (Halfling Fighter)               Turns: 11373, Time: 00:30:30

Health: 0/69       AC: 12    Str: 20    XL:     10   Next: 74%
Magic:  8/10       EV: 14    Int:  3    God:    Okawaru [****..]
Gold:   438        SH: 15    Dex: 15    Spells: 9/9 levels left

rFire    . . .     SeeInvis .   a - +1 long sword
rCold    . . .     Gourm    .   c - +1 shield
rNeg     . . .     Faith    .   b - +0 chain mail
rPois    .         Spirit   .   (no helmet)
rElec    .         Reflect  .   (no cloak)
rCorr    .         Harm     .   (no gloves)
MR       .....                  (no boots)
Stlth    ..........             (no amulet)
Regen    0.3/turn               j - ring of wizardry
MPRegen  0.2/turn               C - -3 ring of intelligence (curse)

@: heroism
A: mutation resistance 1
a: Heroism, Renounce Religion


You were on level 8 of the Dungeon.
You worshipped Okawaru.
Okawaru was greatly pleased with you.
You were not hungry.

You visited 2 branches of the dungeon, and saw 9 of its levels.
You also visited: Ossuary.

You collected 438 gold pieces.

Inventory:

Hand Weapons
 a - a +1 long sword (weapon)
 v - the +1 hand crossbow of Milorghug {penet, rElec rPois rC- Str+7}
   (You found it on level 7 of the Dungeon)

   Ammo fired by it will pass through the targets it hits, potentially hitting
   all targets in its path until it reaches maximum range.
   It affects your strength (+7).
   It makes you vulnerable to cold.
   It insulates you from electricity.
   It protects you from poison.
 N - a +0 flail
Missiles
 y - 44 bolts
Armour
 b - a +0 chain mail (worn)
 c - a +1 shield (worn)
Jewellery
 j - a ring of wizardry (left hand)
 C - a cursed -3 ring of intelligence (right hand)
Wands
 h - a wand of iceblast (1/15)
 l - a wand of polymorph (4/24)
 u - a wand of digging (5/24)
 D - a wand of paralysis (10/24)
 K - a wand of random effects (26/48)
Scrolls
 d - a scroll of blinking
 e - 8 scrolls of teleportation
 k - 5 scrolls of amnesia
 o - a scroll of enchant armour
 x - 4 scrolls of remove curse
 B - a scroll of fear
 E - 2 scrolls of magic mapping
 G - a scroll of enchant weapon
 H - a scroll of fog
 J - a scroll of summoning {unknown}
Potions
 i - 2 potions of resistance
 m - a potion of brilliance
 p - a potion of curing
 r - a potion of haste
 s - a potion of agility
 w - a potion of mutation {unknown}
 z - 2 potions of might
 F - 2 potions of heal wounds
 I - a potion of invisibility {unknown}
 L - a potion of lignification {unknown}
 M - a potion of berserk rage
Books
 t - a book of Misfortune

   Spells                             Type                      Level
   a - Confusing Touch                Hexes                        1
   b - Confuse                        Hexes                        3
   c - Gell's Gravitas                Translocation                3
   d - Petrify                        Transmutation/Earth          4
   e - Metabolic Englaciation         Hexes/Ice                    5
   f - Yara's Violent Unravelling     Hexes/Transmutation          5
 A - a book of Maledictions

   Spells                             Type                      Level
   a - Corona                         Hexes                        1
   b - Ensorcelled Hibernation        Hexes/Ice                    2
   c - Confuse                        Hexes                        3
   d - Tukima's Dance                 Hexes                        3
   e - Dazzling Spray                 Conjuration/Hexes            3
Comestibles
 f - 10 bread rations
 g - 5 meat rations
 n - 3 royal jellies
 q - 10 fruits
 O - a chunk of flesh


   Skills:
 + Level 6.5(11.5) Fighting
 + Level 9.3(14.3) Long Blades
 + Level 0.2(5.2) Crossbows
 + Level 7.1(12.1) Armour
 + Level 2.9(7.9) Dodging
 + Level 0.8(5.8) Stealth
 + Level 9.1(14.1) Shields
 + Level 0.9 Invocations
 + Level 0.4 Evocations


You had 9 spell levels left.
You didn't know any spells.

Dungeon Overview and Level Annotations

Branches:
Dungeon (8/15)             Temple (1/1) D:4
   Lair: D:8-11

Altars:
Ashenzari
Cheibriados
Dithmenos
Elyvilon
Hepliaklqana
Kikubaaqudgha
Makhleb
Nemelex Xobeh
Okawaru
Qazlal
Ru
Sif Muna
Trog
Uskayaw
Vehumet
Zin
The Shining One


Innate Abilities, Weirdness & Mutations

You are small and have problems with some larger weapons.
You are somewhat resistant to further mutation.


Message History

The hornet zombie is heavily damaged.
You block the hornet zombie's attack.
You hit the hornet zombie.
The hornet zombie is heavily damaged.
The hornet zombie misses you. The hornet zombie hits you.
* * * LOW HITPOINT WARNING * * *
You hit the hornet zombie.
The hornet zombie is severely damaged.
The hornet zombie hits you but does no damage.
You gain the combat prowess of a mighty hero.
You block the hornet zombie's attack.
You barely miss the hornet zombie.
The hornet zombie is severely damaged.
You block the hornet zombie's attack.
You feel better. The hornet zombie hits you.
* * * LOW HITPOINT WARNING * * *
The hornet zombie hits you!
* * * LOW HITPOINT WARNING * * *
You feel better. The hornet zombie hits you!
You die...

##'## . ##...## ..
##.....## ## ..
#.......## ..## ..
#.........####.Z...
..
+....>....'h....S..
#.........#S##...#
##.......##Z# #
##.....###@#
##...## #.# ##+#
#.# #.. ###


You could see a black bear, an adder and a hornet zombie.

Vanquished Creatures
  Pikel (D:7)
  The ghost of tehanu the Cutter, an amateur KoBe of Trog (D:4)
  Sigmund (D:5)
  2 wraiths (Ossuary)
  Eustachio (D:6)
  A steam dragon (D:8)
  Menkaure (D:7)
  A black bear (D:8)
  2 ice beasts
  4 sky beasts
  4 ogres
  3 slaves (D:7)
  A centaur (D:7)
  A gnoll sergeant (D:5)
  3 bullfrogs
  6 killer bees (D:7)
  3 wights (Ossuary)
  3 crimson imps (D:5)
  2 centaur zombies
  2 bullfrog zombies
  A quasit (D:8)
  A gnoll shaman (D:5)
  2 hounds
  2 orc priests
  A bullfrog skeleton (D:5)
  Jessica (D:3)
  2 iguanas
  Ijyb (D:4)
  Terence (D:2)
  6 worker ants
  5 orc wizards
  A mummy (D:8)
  2 worker ant zombies
  8 adders
  45 gnolls
  A howler monkey skeleton (D:8)
  A shadow imp (D:6)
  An ooze (D:3)
  An adder zombie (Ossuary)
  4 adder skeletons
  3 worms
  A dart slug (D:1)
  6 leopard geckos
  11 orcs
  3 ball pythons
  9 giant cockroaches
  10 goblins
  6 hobgoblins
  28 jackals
  8 kobolds
  4 quokkas
  10 bats
  4 frilled lizards
  A goblin zombie (D:8)
  A hobgoblin skeleton (Ossuary)
  2 hobgoblin zombies (Ossuary)
  A jackal skeleton (D:4)
  A kobold zombie (D:8)
  3 orc zombies (Ossuary)
  14 rats
256 creatures vanquished.

Vanquished Creatures (others)
  A scorpion (D:7)
  A jackal zombie (D:8)
2 creatures vanquished.

Grand Total: 258 creatures vanquished

Notes
Turn   | Place    | Note
-------+----------+-------------------------------------------
     0 | D:1      | Peloso the Halfling Fighter began the quest for the Orb.
     0 | D:1      | Reached XP level 1. HP: 15/15 MP: 1/1
    76 | D:1      | Reached XP level 2. HP: 20/20 MP: 2/2
   606 | D:1      | Reached XP level 3. HP: 26/26 MP: 3/3
  1023 | D:2      | HP: 1/26 [poisoned by an adder]
  1251 | D:2      | Reached XP level 4. HP: 31/31 MP: 4/4
  1440 | D:2      | Noticed Terence
  1461 | D:2      | Killed Terence
  2269 | D:2      | Reached XP level 5. HP: 34/36 MP: 5/5
  2883 | D:3      | Noticed Jessica
  2907 | D:3      | Killed Jessica
  2944 | D:3      | Reached skill level 1 in Dodging
  3487 | D:4      | Noticed an ogre
  3497 | D:4      | Killed an ogre
  3497 | D:4      | Reached XP level 6. HP: 33/42 MP: 6/6
  3551 | D:4      | Reached skill level 5 in Shields
  3845 | D:4      | Found a staircase to the Ecumenical Temple.
  3859 | D:4      | Reached XP level 7. HP: 42/47 MP: 7/7
  3868 | Temple   | Entered the Ecumenical Temple
  3899 | Temple   | Became a worshipper of Warmaster Okawaru
  4035 | D:4      | Noticed tehanu's ghost (amateur KoBe)
  4054 | D:4      | Killed tehanu's ghost
  4150 | D:4      | Reached skill level 5 in Long Blades
  4213 | D:3      | Found a glowing golden altar of the Shining One.
  4333 | D:4      | Reached * piety under Okawaru
  4333 | D:4      | Reached XP level 8. HP: 52/54 MP: 8/8
  4345 | D:4      | Noticed Ijyb
  4362 | D:4      | Killed Ijyb
  4639 | D:5      | Entered Level 5 of the Dungeon
  4754 | D:5      | Reached skill level 5 in Armour
  6157 | D:5      | Reached ** piety under Okawaru
  6610 | D:5      | Reached XP level 9. HP: 45/59 MP: 9/9
  6739 | D:5      | Noticed Sigmund
  6758 | D:5      | Killed Sigmund
  7396 | D:5      | Reached skill level 5 in Fighting
  8451 | D:6      | Noticed Eustachio
  8477 | D:6      | Reached *** piety under Okawaru
  8521 | D:6      | Killed Eustachio
  8924 | D:7      | Noticed Pikel
  8976 | D:7      | Killed Pikel
  8976 | D:7      | Reached XP level 10. HP: 58/68 MP: 10/10
  9163 | D:7      | Got a smoking hand crossbow
  9170 | D:7      | Identified the cursed +1 hand crossbow of Milorghug {penet, rElec rPois rC- Str+7} (You found it on level 7 of the Dungeon)
  9178 | D:6      | Noticed a rust devil
  9178 | D:6      | Noticed a rust devil
  9723 | D:7      | Noticed Menkaure
  9729 | D:7      | Killed Menkaure
 10367 | D:8      | Found a sand-covered staircase.
 10375 | Ossuary  | Entered an ossuary
 10796 | D:8      | Reached **** piety under Okawaru
 11372 | D:8      | HP: 1/69 [hornet zombie (8)]
 11373 | D:8      | Slain by a hornet zombie

Skill      XL: |  1  2  3  4  5  6  7  8  9 10 |
---------------+-------------------------------+-----
Fighting       | 3 4 5 6 |  6.5
Shields        | 4 5 6 7 9 |  9.1
Long Blades    | 3 5 6 8 9 |  9.3
Dodging        | 1 2 |  2.9
Armour         | 4 5 6 7 |  7.1
Crossbows      | |  0.2
Stealth        | |  0.8
Invocations    | |  0.9
Evocations     | |  0.4

Action                   |  1- 3 |  4- 6 |  7- 9 | 10-12 || total
-------------------------+-------+-------+-------+-------++-------
Melee: Long sword        |   108 |   254 |   732 |   280 ||  1374
 Fire: Hand crossbow     |       |       |       |     6 ||     6
Invok: Heroism           |       |       |     2 |     5 ||     7
Evoke: Wand              |       |     5 |     4 |       ||     9
  Use: Potion            |     2 |     2 |     5 |     3 ||    12
       Scroll            |       |     6 |    11 |     2 ||    19
  Eat: Chunk             |       |    10 |    18 |     7 ||    35
       Fruit             |       |       |       |     2 ||     2
Armor: Scale mail        |    15 |       |       |       ||    15
       Chain mail        |    57 |   133 |   213 |    87 ||   490
       Skin              |       |       |     1 |       ||     1
Dodge: Dodged            |    37 |    73 |   206 |    82 ||   398
Block: Shield            |    62 |   142 |   382 |   184 ||   770
       Rpst.: Long sword |    12 |    25 |    62 |    21 ||   120
